AoeStats
← [RxS]_CloOud_

Arabia

509582664Analyzed
1v1 RM · 6d ago on Sep 27, 2026· 38m 24s· 2 players
Game mode
Random Map
Map size
Tiny (2 player)
Population
200
Speed
Normal
Resources
Standard
Victory
Conquest
Starting age
Dark Age
Ending age
Imperial Age
RankedLock teamsTeams togetherTeam positionsShared explorationLock speedFull tech treeHidden civsTurbo modeCheats
Victory
Defeat
🇲🇽 Italians · Mexico
1415
+15
🇲🇿 Danes · Mozambique
1403
-15
arif.caba
7:37 Loom
11:28 Feudal Age
11:29 Man-at-Arms
11:56 Arson
23:44 Castle Age
22:21 Fletching
23:43 Stone Mining
24:07 Padded Archer Armor
24:00 Double-Bit Axe
32:04 Light Cavalry
[RxS]_CloOud_
7:42 Loom
10:55 Feudal Age
12:21 Fletching
18:54 Padded Archer Armor
23:20 Wheelbarrow
23:48 Double-Bit Axe
27:40 Castle Age
27:51 Crossbowman
28:53 Bodkin Arrow
29:39 Town Watch
33:37 Ballistics
34:36 Squires
34:32 Stone Mining
34:32 Gold Mining
Connection lost

Rejoining the realm…

Still unreachable

The connection could not be restored.

Session expired

The server has moved on; the page needs a fresh start.